 Dungeon Crawl Stone Soup version 0.27.1-15-g792fb953b9 (webtiles) character file.

Game seed: 13684616289653912047

5323 boopmooplesden the Carver (level 10, -6/88 HPs)
             Began as a Minotaur Fighter on Nov 18, 2021.
             Was an Elder of Okawaru.
             Killed from afar by a deep elf pyromancer (21 damage)
             ... with a bolt of fire
             ... on level 7 of the Dungeon.
             The game lasted 00:14:31 (8746 turns).

boopmooplesden the Carver (Minotaur Fighter)        Turns: 8746, Time: 00:14:33

Health: -6/88      AC: 16    Str: 22    XL:     10   Next: 38%
Magic:  9/9        EV:  7    Int:  5    God:    Okawaru [****..]
Gold:   326        SH: 15    Dex: 12    Spells: 9/9 levels left

rFire    . . .     SeeInvis .   a - +1 long sword (venom)
rCold    . . .     Faith    +   m - +3 kite shield {rN+}
rNeg     + . .     Spirit   .   A - +0 plate armour
rPois    .         Reflect  .   f - +0 hat
rElec    .         Harm     .   F - +0 cloak
rCorr    .         Rampage  .   (no gloves)
Will     +....                  h - +0 pair of boots
Stlth    ..........             x - amulet of faith
HPRegen  0.24/turn              g - ring of willpower
MPRegen  0.11/turn              (no ring)

@: no status effects
A: horns 2, retaliatory headbutt
a: Renounce Religion, Heroism


You were on level 7 of the Dungeon.
You worshipped Okawaru.
Okawaru was greatly pleased with you.
You visited 2 branches of the dungeon, and saw 8 of its levels.
You also visited: Ossuary.

You collected 410 gold pieces.
You spent 84 gold pieces at shops.

Inventory:

Hand Weapons
 a - a +1 long sword of venom (weapon)
 p - a +5 long sword of freezing
Missiles
 l - 3 silver boomerangs (quivered)
 o - 35 poisoned darts
 v - 2 throwing nets
Armour
 b - a +0 scale mail
 c - a +0 kite shield
 f - a +0 hat (worn)
 h - a +0 pair of boots (worn)
 m - a +3 kite shield of positive energy (worn)
 A - a +0 plate armour (worn)
 F - a +0 cloak (worn)
Jewellery
 g - a ring of willpower (left hand)
 x - an amulet of faith (around neck)
Wands
 n - a wand of polymorph (1)
 w - a wand of iceblast (5)
 y - a wand of mindburst (36)
 B - a wand of flame (10)
Scrolls
 e - 5 scrolls of identify
 i - 2 scrolls of magic mapping
 s - a scroll of vulnerability {unknown}
 u - 2 scrolls of teleportation
Potions
 d - a potion of might
 j - 4 potions of flight
 k - a potion of resistance
 q - a potion of attraction {unknown}
 r - 3 potions of lignification {unknown}
 t - a potion of magic {unknown}
 C - 2 potions of haste {unknown}
 D - a potion of berserk rage {unknown}
 E - a potion of mutation {unknown}


   Skills:
 + Level 7.8 Fighting
 + Level 11.5 Long Blades
 + Level 1.6 Throwing
 + Level 7.7 Armour
 + Level 3.5 Dodging
 + Level 0.6 Stealth
 + Level 10.3 Shields
 + Level 0.1 Invocations


You had 9 spell levels left.
You didn't know any spells.
Your spell library contained the following spells:

 Spells                   Type           Power      Damage    Failure   Level
 Slow                     Hex            0%         N/A       100%        2
 Wereblood                Tmut           0%         N/A       100%        2
 Confusing Touch          Hex            0%         N/A       100%        3
 Ignite Poison            Fire/Tmut/Pois 0%         N/A       100%        3
 Mephitic Cloud           Conj/Pois/Air  0%         N/A       100%        3
 Vampiric Draining        Necr           0%         2d6       100%        3
 Fulminant Prism          Conj/Hex       0%         3d6       100%        4
 Iskenderun's Mystic Bla  Conj/Tloc      0%         2d3       100%        4
 Blade Hands              Tmut           0%         N/A       100%        5
 Bolt of Magma            Conj/Fire/Erth 0%         4d4       100%        5
 Irradiate                Conj/Tmut      0%         3d13      100%        5
 Lee's Rapid Deconstruct  Erth           0%         3d5*      100%        5
 Conjure Ball Lightning   Conj/Air       0%         3x3d6     100%        6
 Dragon Form              Tmut           0%         N/A       100%        7
 Discord                  Hex            0%         N/A       100%        8
 Disjunction              Tloc           0%         N/A       100%        8
 Lehudib's Crystal Spear  Conj/Erth      0%         10d2      100%        8


Dungeon Overview and Level Annotations

Branches:
Dungeon (7/15)             Temple (1/1) D:4         Ossuary (visited)

Altars:
Ashenzari
Dithmenos
Nemelex Xobeh
Okawaru
Qazlal
Ru
Sif Muna
Trog
Yredelemnul

Shops:
D:3 ([


Innate Abilities, Weirdness & Mutations

You have a pair of horns on your head.
You reflexively headbutt those who attack you in melee.


Message History

* * * LOW HITPOINT WARNING * * *
You block the centaur's attack.
The deep elf pyromancer casts a spell.
The deep elf pyromancer blinks!
You slash the orc!
You kill the orc!
Okawaru accepts your kill.
You block the centaur's attack. x2; The orc hits you but does no damage.
You closely miss the orc.
The centaur hits you but does no damage.
You block the centaur's attack. You block the orc's attack.
The centaur hits you.
* * * LOW HITPOINT WARNING * * *
The centaur closely misses you.
You completely miss the orc. The centaur barely misses you.
You furiously retaliate!
You headbutt the centaur.
You riposte.
You closely miss the centaur.
The centaur is moderately wounded.
You block the centaur's attack. The orc hits you but does no damage.
You feel better.
The centaur hits you but does no damage.
You block the centaur's attack. You block the orc's attack.
The centaur hits you but does no damage.
The centaur kicks you but does no damage.
You slash the centaur! Your headbutt misses the centaur.
The centaur is severely wounded.
You block the centaur's attack.
The centaur kicks you but does no damage.
You block the orc's attack.
You closely miss the centaur.
The centaur is severely wounded.
You block the centaur's attack.
The centaur kicks you but does no damage.
You hit the centaur but do no damage.
The centaur looks even sicker.
The centaur is severely wounded.
The centaur hits you but does no damage.
You block the centaur's attack. You block the orc's attack.
The deep elf pyromancer points at you and mumbles some strange words.
The bolt of fire hits you!!
You die...

. !c# ..
#.###########
#..c@.).....#
..#..o))e.....#
#.....)....<..#
#.......$.....#
....#..........#
#####..........#
##.##.###### ...
#.# .... #..


You could see a deep elf pyromancer, a centaur (very poisoned) and an orc.

Vanquished Creatures
  A troll (D:6)
  Sigmund (D:3)
  A steam dragon (D:7)
  2 wargs (D:6)
  An ice beast (D:6)
  A black bear (D:5)
  An orc warrior (D:6)
  2 sky beasts (D:5)
  9 ogres
  3 elf zombies (Ossuary)
  3 kobold brigands (D:6)
  Blork the orc (D:6)
  A scorpion (D:4)
  4 gnoll sergeants (D:6)
  A water moccasin zombie (D:6)
  A water moccasin skeleton (D:5)
  10 wights (D:6)
  6 howler monkeys
  A bullfrog zombie (D:6)
  Crazy Yiuf (D:6)
  A centaur skeleton (D:5)
  4 centaur zombies
  13 hounds
  10 orc priests (D:6)
  3 gnoll shamans (D:6)
  2 jellies (D:5)
  Ijyb (D:3)
  8 orc wizards
  Terence (D:3)
  3 hound zombies (Ossuary)
  3 mummies (Ossuary)
  Robin (D:3)
  15 gnolls
  9 adders
  6 river rats (D:5)
  A white imp (D:5)
  6 adder zombies (Ossuary)
  2 adder skeletons
  A worm (D:2)
  2 dart slugs (D:3)
  21 orcs
  6 ball pythons
  3 endoplasms
  A giant cockroach (D:1)
  22 goblins
  6 hobgoblins
  5 jackals
  11 quokkas
  3 bats
  3 frilled lizards
  8 goblin zombies (Ossuary)
  4 jackal zombies (Ossuary)
  7 kobolds
  3 kobold zombies (Ossuary)
  A quokka zombie (Ossuary)
  17 rats
  3 rat zombies (Ossuary)
  A spectral orc (D:6)
268 creatures vanquished.

Vanquished Creatures (others)
  An orc wizard (D:7)
  3 fungi (D:6)
  3 plants (D:6)
7 creatures vanquished.

Grand Total: 275 creatures vanquished

Notes
Turn   | Place    | Note
-------+----------+-------------------------------------------
     0 | D:1      | boopmooplesden the Minotaur Fighter began the quest for the
                  | Orb.
     0 | D:1      | Reached XP level 1. HP: 19/19 MP: 0/0
   354 | D:1      | Reached XP level 2. HP: 27/27 MP: 1/1
   867 | D:2      | Reached XP level 3. HP: 33/33 MP: 2/2
  1027 | D:2      | Reached skill level 3 in Long Blades
  1228 | D:2      | Got the Disquisition on Moulding and the Rocks
  1646 | D:3      | Noticed Terence
  1675 | D:3      | Killed Terence
  1676 | D:3      | Reached XP level 4. HP: 26/40 MP: 3/3
  1826 | D:3      | Reached skill level 4 in Long Blades
  2314 | D:3      | Reached XP level 5. HP: 45/47 MP: 4/4
  2320 | D:3      | Noticed Robin
  2326 | D:3      | Killed Robin
  2361 | D:3      | Found Kiedamets's Antique Armour Shoppe.
  2361 | D:3      | Noticed Sigmund
  2379 | D:3      | Killed Sigmund
  2380 | D:3      | Reached skill level 5 in Long Blades
  2380 | D:3      | Reached skill level 1 in Dodging
  2380 | D:3      | Reached skill level 5 in Shields
  2380 | D:3      | Reached XP level 6. HP: 13/55 MP: 5/5
  2615 | D:3      | Bought a hat for 84 gold pieces
  2725 | D:3      | Noticed Ijyb
  2760 | D:3      | Killed Ijyb
  3090 | D:3      | Found Zohoajeo's Weapon Boutique.
  3186 | D:3      | Identified a scroll of acquirement
  3186 | D:3      | Acquired a +1 kite shield of positive energy
  3498 | D:4      | Reached skill level 5 in Fighting
  3498 | D:4      | Reached skill level 6 in Long Blades
  3498 | D:4      | Reached XP level 7. HP: 61/61 MP: 6/6
  3615 | D:4      | Reached skill level 5 in Armour
  4182 | D:4      | Reached skill level 1 in Throwing
  4244 | D:4      | Found a staircase to the Ecumenical Temple.
  4259 | Temple   | Entered the Ecumenical Temple
  4285 | Temple   | Became a worshipper of Warmaster Okawaru
  4495 | D:5      | Entered Level 5 of the Dungeon
  4545 | D:5      | Found a sand-covered staircase.
  4549 | Ossuary  | Entered an ossuary
  4609 | Ossuary  | Reached XP level 8. HP: 39/69 MP: 7/7
  4634 | Ossuary  | Reached skill level 7 in Long Blades
  5000 | Ossuary  | Reached * piety under Okawaru
  5415 | D:5      | Reached skill level 8 in Long Blades
  6376 | D:6      | Reached ** piety under Okawaru
  6378 | D:6      | Reached XP level 9. HP: 47/78 MP: 8/8
  6384 | D:6      | Reached skill level 9 in Long Blades
  6767 | D:6      | Found a stormy altar of Qazlal.
  6948 | D:6      | Noticed a troll
  6950 | D:6      | Reached skill level 10 in Long Blades
  6957 | D:6      | Killed a troll
  6957 | D:6      | Reached *** piety under Okawaru
  7000 | D:6      | HP: 3/79 [gnoll sergeant (1)]
  7364 | D:6      | Found a bloodstained altar of Trog.
  7403 | D:6      | Reached **** piety under Okawaru
  7432 | D:6      | Reached XP level 10. HP: 70/86 MP: 9/9
  7602 | D:6      | Reached skill level 11 in Long Blades
  7613 | D:6      | Reached skill level 10 in Shields
  8281 | D:6      | Noticed Blork the orc
  8287 | D:6      | Killed Blork the orc
  8299 | D:6      | Reached ***** piety under Okawaru
  8465 | D:6      | Found a basalt altar of Yredelemnul.
  8546 | D:6      | Found a runed translucent door.
  8547 | D:6      | Noticed Crazy Yiuf
  8671 | D:6      | Killed Crazy Yiuf
  8731 | D:7      | Noticed a deep elf pyromancer
  8746 | D:7      | Killed from afar by a deep elf pyromancer

Illustrated notes

Levels and vault maps discovered:
D:1:      zaba_arrival_water, layout_loops_ring
D:2:      layout_loops_cross, grunt_decor_fettered
D:3:      layout_loops_cross, serial_shops, nicolae_shop_stone,
          nicolae_lakefront_shop, serial_aquarium, aquarium_bridge_square
          [aquarium_subvault_bridge, aquarium_subvault_wall,
          aquarium_subvault_wall, aquarium_subvault_balcony], aquarium_window_1,
          aquarium_window_corner, aquarium_window_1, aquarium_view_2e,
          chequers_serial_rivers_room_b, minmay_crystal_room, uniq_robin,
          uniq_terence, uniq_ijyb, uniq_sigmund
D:4:      layout_loops_corners, minmay_temple_entry_nine_rooms,
          hangedman_decor_points, grunt_ministairs_10
D:5:      lemuel_ratsnest, layout_rooms, nicolae_ossuary_entry_plus,
          st_stairs_14
D:6:      lemuel_castle_with_subvaults [lemuel_castle_interior_carwin_3],
          layout_basic, mainiacjoe_overflow_six_doors_small,
          yredelemnul_forgotten_temple_becter, mainiacjoe_overflow_catwalk,
          uniq_blork_the_orc, uniq_crazy_yiuf_cottage
D:7:      layout_rooms, kennysheep_mini, uniq_joseph
Temple:   nicolae_temple_elliptical

Skill      XL: |  1  2  3  4  5  6  7  8  9 10 |
---------------+-------------------------------+-----
Shields        | 4 5 6 8 9 10 | 10.3
Fighting       | 4 5 6 7 |  7.8
Long Blades    | 3 4 5 6 8 10 11 | 11.5
Armour         | 4 5 6 7 |  7.7
Dodging        | 1 2 3 |  3.5
Throwing       | 1 |  1.6
Stealth        | |  0.6
Invocations    | |  0.1

Action                   |  1- 3 |  4- 6 |  7- 9 | 10-12 || total
-------------------------+-------+-------+-------+-------++-------
Melee: Long sword        |    83 |   121 |   467 |   132 ||   803
       Headbutt          |     9 |    27 |   111 |    26 ||   173
Throw: Boomerang         |       |     5 |    12 |       ||    17
Invok: Heroism           |       |       |     2 |       ||     2
  Use: Potion            |       |     3 |       |     1 ||     4
       Scroll            |       |     7 |     7 |       ||    14
Armor: Scale mail        |    39 |    45 |   136 |    27 ||   247
       Skin              |       |     5 |       |       ||     5
       Plate armour      |       |       |       |    23 ||    23
Dodge: Dodged            |    38 |    30 |   142 |    35 ||   245
Block: Kite shield       |    47 |    62 |   374 |    99 ||   582
       Rpst.: Long sword |     8 |     7 |    35 |    10 ||    60
